 Dungeon Crawl Stone Soup version 0.23-a0-358-g98c7a59 (webtiles) character file.

160006 Garbasso the Markscentaur (level 17, 0/163 HPs)
             Began as a Centaur Warper on Oct 22, 2018.
             Was the Champion of Qazlal.
             Slain by a sea snake (15 damage)
             ... on level 4 of the Snake Pit.
             The game lasted 02:44:51 (40629 turns).

Garbasso the Markscentaur (Centaur Warper)         Turns: 40629, Time: 02:44:52

Health: 0/163      AC: 24    Str: 21    XL:     17   Next: 17%
Magic:  25/25      EV:  6    Int: 12    God:    Qazlal [******]
Gold:   1910       SH:  8    Dex: 14    Spells: 17/19 levels left

rFire    . . .     SeeInvis .   b - +6 longbow (freeze)
rCold    . . .     Gourm    .   (shield currently unavailable)
rNeg     . . .     Faith    .   U - +0 plate armour
rPois    +         Spirit   .   s - +0 helmet "Gecum" {Str+2}
rElec    .         Reflect  .   t - +1 cloak
rCorr    .         Harm     .   W - +1 pair of gloves {Dex+3}
MR       +....                  (no barding)
Stlth    ..........             S - amulet of regeneration
HPRegen  0.77/turn              e - +5 ring of protection
MPRegen  0.19/turn              h - ring of poison resistance

@: lethally poisoned (0 -> -3), about to teleport, very slightly contaminated,
slowed, repel missiles, very slow
A: large, hooves 3, deformed body, speed 2, tough skin 3
a: Upheaval, Elemental Force, Disaster Area, Renounce Religion


You were on level 4 of the Snake Pit.
You worshipped Qazlal.
Qazlal was exalted by your worship.
You were not hungry.

You visited 4 branches of the dungeon, and saw 27 of its levels.
You also visited: Bailey.

You collected 4786 gold pieces.
You spent 2876 gold pieces at shops.

Inventory:

Hand Weapons
 a - the +1 trident of the Battered Songs {flame, rC+ MR+}
   (You found it in a bailey)

   It has been specially enchanted to burn those struck by it, causing extra
   injury to most foes and up to half again as much damage against particularly
   susceptible opponents.
   It protects you from cold.
   It affects your resistance to hostile enchantments.
 b - a +6 longbow of freezing (weapon)
Missiles
 g - 140 arrows (quivered)
 N - a throwing net
Armour
 j - the +4 ring mail "Hobeag" {+Inv rPois rC- Int+3}
   (You found it on level 11 of the Dungeon)

   It affects your intelligence (+3).
   It makes you vulnerable to cold.
   It protects you from poison.
   It lets you turn invisible.
 s - the +0 helmet "Gecum" (worn) {Str+2}
   (You took it off Robin on level 2 of the Dungeon)

   It affects your strength (+2).
 t - a +1 cloak (worn)
 R - a +1 chain mail of cold resistance
 U - a +0 plate armour (worn)
 W - a +1 pair of gloves of dexterity (worn)
Jewellery
 e - a +5 ring of protection (left hand)
 h - a ring of poison resistance (right hand)
 o - a +3 ring of dexterity
 y - an uncursed ring of resist corrosion
 A - an uncursed ring of protection from magic
 Q - an uncursed ring of ice
 S - an amulet of regeneration (around neck)
 T - an uncursed ring of positive energy
 V - an uncursed ring of protection from fire
Wands
 z - a wand of acid (9)
 G - a wand of enslavement (20)
 M - a wand of clouds (4)
 P - a wand of digging (17)
Scrolls
 d - 3 scrolls of blinking
 k - a scroll of fog
 l - 6 scrolls of immolation
 v - 8 scrolls of enchant armour
 B - 2 scrolls of teleportation
 E - 6 scrolls of fear
 I - a scroll of silence
 L - 9 scrolls of remove curse
 X - a scroll of amnesia
 Y - 6 scrolls of identify
 Z - a scroll of magic mapping
Potions
 c - 3 potions of mutation
 i - 2 potions of invisibility
 m - 4 potions of berserk rage
 n - 5 potions of resistance
 p - 2 potions of ambrosia
 q - 9 potions of curing
 r - 2 potions of heal wounds
 x - 3 potions of agility
 C - 2 potions of brilliance
 D - 6 potions of haste
 F - a potion of magic
 H - 7 potions of lignification
 J - 3 potions of might
 K - 3 potions of cancellation
 O - 2 potions of flight
Comestibles
 f - 39 rations


   Skills:
 + Level 18.0 Fighting
 - Level 5.5 Polearms
 - Level 20.0 Bows
 - Level 1.1 Throwing
 * Level 11.5 Armour
 + Level 3.9 Dodging
 - Level 1.5 Spellcasting
 - Level 2.6 Translocations
 + Level 11.1 Invocations


You had 17 spell levels left.
You knew the following spells:

 Your Spells              Type           Power        Failure   Level  Hunger
a - Blink                 Tloc           N/A          89%         2    ###....

Your spell library contained the following spells:

 Spells                   Type           Power        Failure   Level  Hunger
 Apportation              Tloc           #.....       78%         1    ##.....
 Animate Skeleton         Necr           N/A          98%         1    ##.....
 Confusing Touch          Hex            #.....       98%         1    ##.....
 Corona                   Hex            #......      98%         1    ##.....
 Infusion                 Chrm           #...         98%         1    ##.....
 Magic Dart               Conj           #...         98%         1    ##.....
 Pain                     Necr           #...         98%         1    ##.....
 Summon Small Mammal      Summ           #...         98%         1    ##.....
 Shroud of Golubria       Chrm/Tloc      #.........   98%         2    ###....
 Gell's Gravitas          Tloc           #.........   98%         3    ####...
 Lesser Beckoning         Tloc           #.........   98%         3    ####...
 Teleport Other           Tloc           #.......     98%         3    ####...
 Call Imp                 Summ           #.......     99%         2    ###....
 Ensorcelled Hibernation  Hex/Ice        #.....       99%         2    ###....
 Poisonous Vapours        Pois/Air       #.....       99%         2    ###....
 Slow                     Hex            #.......     99%         2    ###....
 Song of Slaying          Chrm           #.......     99%         2    ###....
 Throw Flame              Conj/Fire      #.....       99%         2    ###....
 Confuse                  Hex            #.......     100%        3    ####...
 Conjure Flame            Conj/Fire      #.......     100%        3    ####...
 Dazzling Spray           Conj/Hex       #.....       100%        3    ####...
 Inner Flame              Hex/Fire       #.......     100%        3    ####...
 Mephitic Cloud           Conj/Pois/Air  #.......     100%        3    ####...
 Regeneration             Chrm/Necr      #.........   100%        3    ####...
 Spectral Weapon          Hex/Chrm       #.......     100%        3    ####...
 Tukima's Dance           Hex            #.......     100%        3    ####...
 Vampiric Draining        Necr           #.........   100%        3    ####...
 Animate Dead             Necr           N/A          100%        4    #####..
 Cause Fear               Hex            #.........   100%        4    #####..
 Ice Form                 Ice/Tmut       #.......     100%        4    #####..
 Passage of Golubria      Tloc           N/A          100%        4    #####..
 Petrify                  Tmut/Erth      #.......     100%        4    #####..
 Summon Lightning Spire   Summ/Air       #.......     100%        4    #####..
 Bolt of Magma            Conj/Fire/Erth #.........   100%        5    ######.
 Iskenderun's Battlesphe  Conj/Chrm      #.......     100%        5    ######.
 Metabolic Englaciation   Hex/Ice        #.........   100%        5    ######.
 Silence                  Hex/Air        #.........   100%        5    ######.
 Venom Bolt               Conj/Pois      #.........   100%        5    ######.
 Yara's Violent Unravell  Hex/Tmut       #.........   100%        5    ######.
 Bolt of Cold             Conj/Ice       #.........   100%        6    #######
 Deflect Missiles         Chrm/Air       #.........   100%        6    #######
 Freezing Cloud           Conj/Ice/Air   #.........   100%        6    #######
 Iron Shot                Conj/Erth      #.........   100%        6    #######
 Ozocubu's Refrigeration  Ice            #.........   100%        6    #######
 Simulacrum               Ice/Necr       #.........   100%        6    #######
 Orb of Destruction       Conj           #.........   100%        7    #######
 Ring of Flames           Chrm/Fire      #.........   100%        7    #######
 Spellforged Servitor     Conj/Summ      #.........   100%        7    #######
 Discord                  Hex            #.........   100%        8    #######


Dungeon Overview and Level Annotations

Branches:
Dungeon (15/15)            Temple (0/1) D:7            Lair (6/6) D:9
 Shoals (0/4) Lair:4        Snake (4/4) Lair:3        Slime (0/5) Lair:6
    Orc (2/2) D:10            Elf (0/3) Orc:2        Vaults (0/5) D:13
 Depths (0/5) D:15

Altars:
Ashenzari
Dithmenos
Elyvilon
Fedhas
Gozag
Hepliaklqana
Makhleb
Nemelex Xobeh
Qazlal
Ru
Uskayaw
Vehumet
Wu Jian
Xom
Yredelemnul
The Shining One
Beogh

Shops:
D:7 [%!*   D:11 (=**   D:13 [}[*[   Orc:1 *   Orc:2 :[%*   Snake:2 [:(
Snake:3 ==}   Snake:4 *

Annotations:
Orc:2 2 transporters, Karim's ghost, journeyman MiHu


Innate Abilities, Weirdness & Mutations

You have hooves in place of feet.
Armour fits poorly on your strangely shaped body.
You cover ground very quickly.
You have extremely tough skin. (AC +3)


Message History

The guardian serpent is engulfed in freezing vapours.
The guardian serpent hits you!
* * * LOW HITPOINT WARNING * * *
You feel yourself speed up. The nagaraja casts a spell at you.
The bolt of poison hits you!
You are poisoned.
You resist.
The guardian serpent is engulfed in freezing vapours.
The guardian serpent coils itself and waves its upper body at you.
You easily resist.
The guardian serpent is engulfed in freezing vapours.
The guardian serpent casts a spell at you.
You feel yourself slow down.
The guardian serpent is engulfed in freezing vapours.
The guardian serpent gestures with its tail.
The naga ritualist blinks!
The naga mage blinks!
The nagaraja blinks!
The sea snake blinks!
The naga blinks into view!
The nagaraja blinks!
The sea snake bites you!
You die...

.###...P♣≈≈≈≈≈≈≈≈≈≈≈♣P...........
.# #...♣♣P≈≈≈≈≈≈≈≈≈≈≈≈...........
. ##..♣♣P§≈≈≈≈≈≈≈≈≈≈♣#..........
#...♣≈≈≈≈≈≈≈≈♣≈≈≈P...........
##..♣♣≈≈≈≈≈≈≈§PN≈........)...
##.≈≈≈≈≈≈≈≈♣≈≈♣≈....#.......
##≈§≈P≈♣P§P≈P♣♣#####.......
##≈≈≈≈≈≈NNS≈♣♣ ###........
......♣♣≈≈P≈♣@N§≈# #..........
...... ♣♣≈≈SNN♣≈P.............
...... ♣♣§§§♣♣ ..............
##.......≈♣≈♣P..............##
##.......♣≈♣........########
###................ #
###............ . . ####.........
. ###....... .


You could see 2 nagarajas, a sea snake, a naga ritualist, a guardian serpent, a
naga mage and 2 nagas.

Vanquished Creatures
  Rupert (Orc:2)
  Frances (D:12)
  Gastronok (D:10)
  A nagaraja (Snake:4)
  6 dire elephants (Lair:6)
  Josephine (D:12)
  7 hydras
  10 naga warriors
  Fannar (Lair:3)
  Erolcha (D:12)
  2 centaur warriors
  Erica (Lair:2)
  10 anacondas
  2 death knights (D:15)
  6 two-headed ogres
  A death yak (Lair:5)
  13 naga sharpshooters
  A tengu warrior (D:14)
  A shock serpent (Snake:4)
  3 orc high priests (Orc:2)
  Sonja (Lair:4)
  5 skeletal warriors
  2 unseen horrors (D:11)
  7 sea snakes (Snake:4)
  3 salamander mystics (Snake:4)
  8 naga ritualists
  A phantasmal warrior (D:15)
  2 wizards
  A wolf spider zombie (D:13)
  7 orc knights
  8 mana vipers
  A necromancer (D:15)
  8 orc sorcerers
  2 deep elf magi (D:15)
  9 ugly things
  6 salamanders
  5 manticores
  7 elephants
  5 cyclopes
  25 black mambas
  A merfolk siren (Lair:4)
  4 guardian serpents
  22 naga magi
  4 centaur zombies
  A torpor snail (Lair:5)
  3 gargoyles
  7 spiny frogs
  5 rime drakes
  2 freezing wraiths (D:15)
  3 kobold demonologists
  A tengu conjurer (D:14)
  9 komodo dragons
  9 trolls
  3 polar bears
  Prince Ribbit (D:9)
  5 blink frogs (Lair:6)
  13 slime creatures
  10 dream sheep
  16 hippogriffs
  2 centaur simulacra (D:15)
  2 spriggans
  5 wyverns
  A vampire (D:10)
  A wyvern (shapeshifter) (D:15)
  A shadow (D:14)
  5 fire bats (Lair:6)
  30 yaks
  A fire elemental (Lair:5)
  6 wraiths
  7 basilisks
  5 hungry ghosts
  2 steam dragons
  2 insubstantial wisps
  4 wargs
  A soldier ant (D:11)
  61 nagas
  5 porcupines
  12 water moccasins
  31 orc warriors
  An ice beast (D:13)
  6 sky beasts
  4 phantoms
  A necrophage (D:8)
  10 ogres
  25 wolves
  4 centaurs
  9 big kobolds
  8 crocodiles
  21 bullfrogs
  A wyvern skeleton (D:10)
  6 scorpions
  2 troll zombies (D:10)
  10 killer bees
  16 wights
  3 howler monkeys (D:13)
  4 electric eels
  14 crimson imps
  4 bullfrog zombies
  4 hounds
  A lava snake (D:13)
  2 quasits
  2 jellies
  Crazy Yiuf (D:2)
  6 centaur skeletons
  18 orc priests
  23 orc wizards
  6 bullfrog skeletons
  6 iguanas
  Ijyb (D:5)
  12 worker ants
  3 ogre zombies (D:10)
  A hound skeleton (D:5)
  2 worker ant zombies (D:11)
  Robin (D:2)
  4 gnolls (D:5)
  15 adders
  A howler monkey skeleton (D:7)
  4 shadow imps
  An ooze (D:2)
  An adder zombie (D:5)
  A worm (D:3)
  3 dart slugs
  4 leopard geckos
  81 orcs
  4 bats
  2 giant cockroaches (D:1)
  22 goblins
  11 hobgoblins
  9 jackals
  21 kobolds
  2 quokkas
  2 ball pythons (D:3)
  5 frilled lizards
  A goblin skeleton (D:10)
  A goblin zombie (D:10)
  A hobgoblin zombie (D:10)
  An orc skeleton (D:10)
  14 orc zombies (D:10)
  6 rats
  6 plants
947 creatures vanquished.

Vanquished Creatures (collateral kills)
  A naga sharpshooter (Snake:4)
  An ogre zombie (D:10)
  An orc zombie (D:10)
3 creatures vanquished.

Vanquished Creatures (others)
  A rime drake (Lair:4)
  A bush (Lair:3)
  21 fungi
  32 plants
55 creatures vanquished.

Grand Total: 1005 creatures vanquished

Notes
Turn   | Place    | Note
-------+----------+-------------------------------------------
     0 | D:1      | Garbasso the Centaur Warper began the quest for the Orb.
     0 | D:1      | Reached XP level 1. HP: 17/17 MP: 3/3
   267 | D:1      | Reached XP level 2. HP: 21/25 MP: 4/4
   619 | D:1      | Learned a level 2 spell: Blink
   622 | D:1      | Learned a level 2 spell: Shroud of Golubria
   842 | D:1      | Reached XP level 3. HP: 26/31 MP: 5/5
  2435 | D:2      | Reached XP level 4. HP: 40/40 MP: 6/6
  2801 | D:2      | Found a blossoming altar of Fedhas.
  3046 | D:2      | Identified the +0 helmet "Gecum" {Str+2}
  3046 | D:2      | Noticed Robin
  3118 | D:2      | Killed Robin
  3346 | D:2      | Found a runed door.
  3350 | D:2      | Noticed Crazy Yiuf
  3397 | D:2      | Killed Crazy Yiuf
  3397 | D:2      | Reached XP level 5. HP: 34/47 MP: 7/7
  3913 | D:3      | Found a basalt altar of Yredelemnul.
  4600 | D:3      | Found a blossoming altar of Fedhas.
  4864 | D:3      | Reached skill level 5 in Fighting
  4952 | D:4      | Found a burning altar of Makhleb.
  5166 | D:4      | Found a hide-covered altar of Uskayaw.
  5395 | D:4      | Reached XP level 6. HP: 51/56 MP: 8/8
  5614 | D:4      | Found a white marble altar of Elyvilon.
  5848 | D:4      | Found a sparkling altar of Nemelex Xobeh.
  6159 | D:5      | Entered Level 5 of the Dungeon
  6173 | D:5      | Found a shimmering altar of Xom.
  6398 | D:5      | Reached XP level 7. HP: 40/64 MP: 9/9
  6827 | D:5      | Found a hazy altar of Hepliaklqana.
  6858 | D:5      | Found an ornate altar of the Wu Jian Council.
  6903 | D:5      | Noticed Ijyb
  6921 | D:5      | Killed Ijyb
  7677 | D:6      | Found a shattered altar of Ashenzari.
  7959 | D:6      | Found a shadowy altar of Dithmenos.
  8272 | D:6      | Reached skill level 5 in Polearms
  8357 | D:6      | Reached XP level 8. HP: 47/74 MP: 10/10
  8768 | D:6      | Reached skill level 1 in Bows
  8787 | D:6      | Reached skill level 2 in Bows
  9185 | D:6      | Reached skill level 3 in Bows
  9383 | D:6      | Found a stormy altar of Qazlal.
  9397 | D:6      | Became a worshipper of Qazlal Stormbringer
  9683 | D:7      | Found a staircase to the Ecumenical Temple.
  9720 | D:7      | Reached skill level 4 in Bows
  9847 | D:7      | Noticed a hippogriff
  9911 | D:7      | Reached skill level 5 in Bows
 10214 | D:7      | Found Uzoonn's Food Boutique.
 10568 | D:7      | Killed a hippogriff
 10568 | D:7      | Reached skill level 6 in Bows
 10783 | D:7      | Reached skill level 7 in Bows
 10783 | D:7      | Reached XP level 9. HP: 83/83 MP: 11/11
 10789 | D:7      | Found Tukaifuu's Antique Armour Boutique.
 10859 | D:7      | Found Lang's Distillery.
 10863 | D:7      | Bought a potion of curing for 36 gold pieces
 10863 | D:7      | Bought a potion of heal wounds for 60 gold pieces
 10863 | D:7      | Bought a potion of degeneration for 12 gold pieces
 11053 | D:7      | Reached skill level 8 in Bows
 11368 | D:7      | Reached skill level 9 in Bows
 12157 | D:7      | Found Gidghaliph's Assorted Antiques.
 12164 | D:7      | Bought a scroll labeled KENAKHLUILE for 25 gold pieces
 12164 | D:7      | Bought a scroll labeled VEOL MIXES ULA for 25 gold pieces
 12366 | D:7      | Found a glowing golden altar of the Shining One.
 12657 | D:8      | Found a radiant altar of Vehumet.
 13159 | D:8      | Noticed a two-headed ogre
 13186 | D:8      | Killed a two-headed ogre
 13186 | D:8      | Reached skill level 10 in Fighting
 13186 | D:8      | Reached skill level 10 in Bows
 13231 | D:8      | Reached skill level 11 in Bows
 13487 | D:9      | Reached XP level 10. HP: 79/93 MP: 12/12
 13605 | D:9      | Reached * piety under Qazlal
 13906 | D:9      | Found a staircase to the Lair.
 13917 | D:9      | Noticed Prince Ribbit
 13939 | D:9      | Killed Prince Ribbit
 14418 | D:9      | Reached skill level 12 in Bows
 14565 | D:9      | Found a sacrificial altar of Ru.
 14672 | Lair:1   | Entered Level 1 of the Lair of Beasts
 15332 | Lair:1   | Noticed a spiny frog
 15399 | Lair:1   | Killed a spiny frog
 15399 | Lair:1   | Reached skill level 13 in Bows
 15569 | Lair:1   | Noticed a swamp dragon
 15809 | Lair:2   | Reached skill level 14 in Bows
 15937 | Lair:2   | Reached XP level 11. HP: 93/102 MP: 13/13
 15965 | Lair:2   | Reached ** piety under Qazlal
 16478 | Lair:2   | Noticed Erica
 16488 | Lair:2   | Killed Erica
 17033 | Lair:2   | Identified a scroll of acquirement
 18511 | Lair:3   | Noticed Fannar
 18562 | Lair:3   | Killed Fannar
 18562 | Lair:3   | Reached skill level 1 in Armour
 18903 | Lair:3   | Found a staircase to the Snake Pit.
 18907 | Lair:3   | Reached skill level 15 in Bows
 19719 | Lair:3   | Reached XP level 12. HP: 50/115 MP: 14/14
 20411 | Lair:4   | Reached *** piety under Qazlal
 20500 | Lair:4   | Reached skill level 16 in Bows
 21087 | Lair:4   | Noticed Sonja
 21092 | Lair:4   | Killed Sonja
 21138 | Lair:4   | Found a staircase to the Shoals.
 21274 | Lair:4   | Noticed a seven-headed hydra
 21276 | Lair:4   | Killed a seven-headed hydra
 22037 | Lair:5   | Noticed a seven-headed hydra
 22054 | Lair:5   | Killed a seven-headed hydra
 22594 | Lair:5   | Reached skill level 17 in Bows
 22712 | Lair:6   | Entered Level 6 of the Lair of Beasts
 22876 | Lair:6   | Noticed an eight-headed hydra
 22876 | Lair:6   | Noticed a death yak
 23106 | Lair:6   | Noticed an eight-headed hydra
 23577 | Lair:5   | Killed a death yak
 24560 | Lair:5   | Killed an eight-headed hydra
 24683 | Lair:5   | Reached XP level 13. HP: 68/124 MP: 15/15
 25489 | Lair:6   | Reached skill level 5 in Armour
 25500 | Lair:6   | Reached **** piety under Qazlal
 25522 | Lair:6   | Found a staircase to the Slime Pits.
 25602 | Lair:6   | Reached skill level 18 in Bows
 25955 | Lair:6   | Reached skill level 1 in Invocations
 26392 | D:10     | Entered Level 10 of the Dungeon
 26752 | D:10     | Found a staircase to the Orcish Mines.
 27013 | D:10     | Noticed Gastronok
 27021 | D:10     | Killed Gastronok
 27713 | D:11     | Got a polished ring mail
 27741 | D:10     | Identified the +4 ring mail "Hobeag" {+Inv rPois rC- Int+3}
                  | (You found it on level 11 of the Dungeon)
 27769 | D:11     | Reached ***** piety under Qazlal
 27898 | D:11     | Found Vohih's Jewellery Shoppe.
 27910 | D:11     | Reached skill level 19 in Bows
 27921 | D:11     | Bought an uncursed amulet of regeneration for 450 gold
                  | pieces
 28136 | D:11     | Found Putuxt's General Store.
 28142 | D:11     | Bought a scroll of fear for 52 gold pieces
 28142 | D:11     | Bought 23 arrows for 69 gold pieces
 28142 | D:11     | Bought a scroll of blinking for 112 gold pieces
 28218 | D:11     | Found Ezadi's Assorted Antiques.
 28327 | D:11     | Reached XP level 14. HP: 123/133 MP: 17/17
 28439 | D:11     | Bought a scroll of fear for 112 gold pieces
 28520 | D:11     | Found Bioxkas's Antique Weapon Boutique.
 28845 | D:12     | Noticed Josephine
 28922 | D:12     | Noticed Frances
 29136 | D:12     | Noticed Erolcha
 29145 | D:12     | Killed Erolcha
 29230 | D:12     | Reached skill level 15 in Fighting
 29420 | D:12     | Killed Josephine
 29422 | D:12     | Reached skill level 5 in Invocations
 29426 | D:12     | Reached ****** piety under Qazlal
 29469 | D:12     | Killed Frances
 29863 | D:12     | Found an opulent altar of Gozag.
 30224 | D:13     | Found Jogurghe's Antique Armour Shoppe.
 30268 | D:13     | Found a flagged portal.
 30278 | Bailey   | Entered a bailey
 30470 | Bailey   | Got a twisted trident
 30471 | Bailey   | Identified the cursed +1 trident of the Battered Songs
                  | {flame, rC+ MR+} (You found it in a bailey)
 30521 | Bailey   | Identified the Grimoire of Gliding Ignition
 30990 | D:13     | Reached skill level 20 in Bows
 31215 | D:13     | Found Heplaudgh's Antique Armour Shoppe.
 31301 | D:13     | Found Eduuju's Gadget Boutique.
 31310 | D:13     | Got a scorched rapier
 31353 | D:13     | Found Disaf's General Store.
 31361 | D:13     | Bought a potion of curing for 33 gold pieces
 31590 | D:13     | Found Onuuloil's Armour Boutique.
 31624 | D:13     | Bought a pair of embroidered gloves for 240 gold pieces
 31705 | D:13     | Found a gate to the Vaults.
 32205 | D:14     | Found an opulent altar of Gozag.
 32668 | D:15     | Entered Level 15 of the Dungeon
 33012 | D:15     | Reached XP level 15. HP: 115/143 MP: 20/20
 34096 | D:15     | Found a staircase to the Depths.
 34460 | Orc:1    | Entered Level 1 of the Orcish Mines
 34737 | Orc:1    | Found Reuxuxoh's General Store.
 34745 | Orc:1    | Bought a potion of curing for 39 gold pieces
 34745 | Orc:1    | Bought a scroll of identify for 26 gold pieces
 34944 | Orc:2    | Entered Level 2 of the Orcish Mines
 34944 | Orc:2    | Found Toiniste's General Store.
 34978 | Orc:2    | Found a staircase to the Elven Halls.
 34982 | Orc:2    | Bought a scroll of enchant weapon for 127 gold pieces
 34991 | Orc:2    | Found a roughly hewn altar of Beogh.
 35148 | Orc:2    | Noticed Rupert
 35162 | Orc:2    | Killed Rupert
 35328 | Orc:2    | Found a transporter.
 35329 | Orc:2    | Noticed Karim's ghost (journeyman MiHu)
 35423 | Orc:2    | Found a transporter.
 35772 | Orc:2    | Found Riel Fiad's Jewellery Emporium.
 35772 | Orc:2    | Found Ykoif's Food Emporium.
 35774 | Orc:2    | Found Esoaw's Antique Armour Shop.
 35774 | Orc:2    | Found Wout Kiu's Book Shop.
 36111 | Snake:1  | Entered Level 1 of the Snake Pit
 36159 | Snake:1  | Reached skill level 10 in Invocations
 37435 | Snake:1  | Reached XP level 16. HP: 105/154 MP: 23/23
 37753 | Snake:2  | Found Papith's Weapon Shop.
 37799 | Snake:2  | Found Eplethay's Book Boutique.
 37807 | Snake:2  | Found Foneky's Armour Shop.
 37994 | Snake:2  | Reached skill level 10 in Armour
 39255 | Snake:3  | Found Oquclosm's Jewellery Shoppe.
 39256 | Snake:3  | Found Niel's Gadget Shop.
 39257 | Snake:3  | Found Buhaox's Jewellery Shoppe.
 39263 | Snake:3  | Bought a cursed amulet of inaccuracy for 26 gold pieces
 39268 | Snake:3  | Bought a +5 ring of protection for 1100 gold pieces
 39268 | Snake:3  | Bought a cursed ring of attention for 90 gold pieces
 39268 | Snake:3  | Bought a cursed ring of teleportation for 90 gold pieces
 39429 | Snake:4  | Entered Level 4 of the Snake Pit
 40374 | Snake:4  | Found Derhana's Assorted Antiques.
 40459 | Snake:4  | Reached XP level 17. HP: 163/163 MP: 25/25
 40470 | Snake:4  | Bought a scroll of teleportation for 114 gold pieces
 40470 | Snake:4  | Bought a scroll labeled WIUSOYG KIGOEL for 38 gold pieces
 40571 | Snake:4  | HP: 5/163 [nagaraja/poison arrow (22)]
 40629 | Snake:4  | Slain by a sea snake

Vault maps used:
D:1:      nzn_arrival_settlement
D:2:      old_standard_altar, serial_curves, eino_curves_04, eino_curves_03,
          uniq_crazy_yiuf_cottage, uniq_robin
D:3:      yredelemnul_altar_generic, first_ration, fedhas_altar_4
D:4:      lemuel_crystal_altar, elyvilon_altar_3, marbit_many_paths,
          nemelex_lonely_heart_becter
D:5:      kennysheep_mini_moat, kennysheep_little_box, xom_teletrap_fun,
          uniq_ijyb
D:6:      lemuel_crystal_altar, grunt_dithmenos_smoke,
          nicolae_qazlal_eye_of_the_storm
D:7:      kennysheep_mini, minmay_temple_entry_trees, serial_shops, shop, shop,
          nicolae_shop_overgrown_old_shop, nicolae_shop_stone, the_bakery,
          hangedman_misty_isle
D:8:      vehumet_altar_wand_db
D:9:      nicolae_ru_path_of_blood, erik_lair_orcish_takeover,
          uniq_prince_ribbit1
D:10:     zombieorc1_lemuel, uniq_gastronok
D:11:     serial_shops, shop, shop_fountains, nicolae_shop_stone,
          nicolae_shop_behind_doors, minmay_nine_imps
D:12:     basic_altar, uniq_erolcha, uniq_frances, uniq_josephine
D:13:     david_vaults_1, serial_shops, shop, shop, shop, shop,
          nicolae_shop_behind_doors, enter_bailey_3, nrook_mini_vaults
D:14:     nicolae_gozag_cash_rules_everything_around_me
D:15:     grunt_enter_depths_magical_seal, chequers_serial_rivers_micro_c
Lair:1:   hibernation_bobbens, serial_bayou_shore_a
Lair:2:   beast_lair_carwin_1, uniq_erica
Lair:3:   guppyfry_snake_entry_island, lab_entry_generic,
          small_statue_intersection, uniq_fannar
Lair:4:   minmay_shoals_entry_lonely_mermaid, special_room, lemuel_old_faithful,
          lemuel_fruit_tree, uniq_sonja
Lair:5:   wad_woods_03
Lair:6:   due_jungle_book, slime_dummy, grunt_megastairs_3
Snake:2:  serial_shops, nicolae_shop_crystal, minmay_shoptagon
Snake:3:  basic_loot_grate_trap, minmay_shop_grove
Snake:4:  johnstein_snake_rune_scales, serial_shops, nicolae_shop_waterfront,
          spider_trap, st_stairs_6, serial_bayou_lake_a
Orc:1:    serial_shops, shop
Orc:2:    st_orc_elflike, serial_shops, shop, basic_altar,
          gammafunk_ghost_smash, uniq_rupert
Bailey:   bailey_polearm_4, bailey

Skill      XL: |  1  2  3  4  5  6  7  8  9 10 11 12 13 14 15 16 17 |
---------------+----------------------------------------------------+-----
Polearms       | 2 3 4 5 |  5.5
Fighting       | 3 4 5 6 7 9 10 11 13 14 15 16 17 18 | 18.0
Bows           | 7 11 14 15 17 19 20 | 20.0
Armour         | 2 4 6 7 9 11 | 11.5
Invocations    | 4 7 10 11 | 11.1
Dodging        | 3 |  3.9
Throwing       | |  1.1
Spellcasting   | |  1.5
Translocations | |  2.6

Action                   |  1- 3 |  4- 6 |  7- 9 | 10-12 | 13-15 | 16-18 || total
-------------------------+-------+-------+-------+-------+-------+-------++-------
Melee: Spear             |   139 |   232 |    92 |       |       |       ||   463
       Kick              |    12 |    32 |    32 |    57 |   169 |       ||   302
       Dagger            |       |     2 |       |       |       |       ||     2
       Trident           |       |       |   106 |   226 |   432 |       ||   764
       Glaive            |       |       |       |       |    83 |       ||    83
       Longbow           |       |       |       |       |     2 |       ||     2
 Fire: Hunting sling     |    41 |   114 |   121 |       |       |       ||   276
       Shortbow          |       |       |   292 |   358 |       |       ||   650
       Longbow           |       |       |       |   235 |  1031 |   560 ||  1826
Throw: Tomahawk          |     1 |       |       |       |       |       ||     1
       Stone             |       |     5 |       |     4 |       |       ||     9
       Javelin           |       |     4 |       |       |       |       ||     4
       Throwing net      |       |       |       |       |     1 |       ||     1
 Cast: Blink             |       |       |       |       |    23 |       ||    23
Invok: Elemental Force   |       |       |       |       |     2 |     2 ||     4
       Disaster Area     |       |       |       |       |     3 |     2 ||     5
Evoke: Wand              |       |       |     8 |     7 |    24 |     1 ||    40
  Use: Scroll            |     2 |     9 |     5 |    14 |    14 |     4 ||    48
       Potion            |       |       |       |     1 |     2 |     7 ||    10
  Eat: Chunk             |     3 |    10 |     9 |    17 |    25 |     4 ||    68
       Ration            |       |       |     3 |     4 |     4 |     1 ||    12
Armor: Leather armour    |    39 |    39 |       |       |       |       ||    78
       Ring mail         |       |    49 |    40 |       |       |       ||    89
       Chain mail        |       |       |   108 |   214 |   251 |       ||   573
       Plate armour      |       |       |       |       |   210 |   128 ||   338
Dodge: Dodged            |    42 |    78 |    75 |   103 |   219 |    37 ||   554
       Deflected         |       |       |       |       |    27 |    25 ||    52
Block: Other             |       |       |       |    47 |   265 |    77 ||   389

Table legend:
 A = Non-vault XP
 B = Vault XP
 C = Vault XP percentage of total XP
 D = Non-vault monster count
 E = Vault monster count
 F = Vault count percentage of total count
                 A         B        C        D         E       F
            +---------+---------+-------+---------+---------+-------
      Total |  158155 |   70425 |  30.8 |     712 |     232 |  24.6
            +---------+---------+-------+---------+---------+-------
        D:1 |      45 |       0 |   0.0 |      23 |       0 |   0.0
        D:2 |     103 |      74 |  41.8 |      22 |      12 |  35.3
        D:3 |      85 |       0 |   0.0 |      29 |       0 |   0.0
        D:4 |     243 |       0 |   0.0 |      10 |       0 |   0.0
        D:5 |     438 |      33 |   7.0 |      18 |       1 |   5.3
        D:6 |     991 |     166 |  14.3 |      23 |       1 |   4.2
        D:7 |    1142 |     950 |  45.4 |      24 |       6 |  20.0
        D:8 |    1163 |     171 |  12.8 |       7 |       2 |  22.2
        D:9 |     680 |     657 |  49.1 |      12 |       7 |  36.8
       D:10 |    2430 |    3090 |  56.0 |      37 |      29 |  43.9
       D:11 |    9690 |     405 |   4.0 |      56 |       9 |  13.8
       D:12 |    6289 |    4959 |  44.1 |      44 |       6 |  12.0
       D:13 |    6170 |    2981 |  32.6 |      29 |       9 |  23.7
       D:14 |   11843 |       0 |   0.0 |      38 |       0 |   0.0
       D:15 |   14952 |    4301 |  22.3 |      43 |       8 |  15.7
     Lair:1 |    1609 |       0 |   0.0 |       8 |       0 |   0.0
     Lair:2 |    5356 |    1753 |  24.7 |      23 |       7 |  23.3
     Lair:3 |    4100 |    1644 |  28.6 |      21 |       5 |  19.2
     Lair:4 |    1721 |    6459 |  79.0 |      10 |      20 |  66.7
     Lair:5 |    6493 |    3188 |  32.9 |      20 |      12 |  37.5
     Lair:6 |   16322 |    4330 |  21.0 |      41 |       9 |  18.0
    Snake:1 |    9260 |       0 |   0.0 |      18 |       0 |   0.0
    Snake:2 |   14093 |       0 |   0.0 |      27 |       0 |   0.0
    Snake:3 |    9254 |       0 |   0.0 |      22 |       0 |   0.0
    Snake:4 |   29219 |   21583 |  42.5 |      59 |      47 |  44.3
      Orc:1 |     920 |       0 |   0.0 |      18 |       0 |   0.0
      Orc:2 |    3544 |   11388 |  76.3 |      30 |      26 |  46.4
     Bailey |       0 |    2293 | 100.0 |       0 |      16 | 100.0
            +---------+---------+-------+---------+---------+-------
